 Dungeon Crawl Stone Soup version 0.21.1-1-g345015f (webtiles) character file.

15 lightbrinder the Grave Robber (level 2, 0/20 HPs)
             Began as a Hill Orc Necromancer on Mar 21, 2018.
             Slain by an adder (1 damage)
             ... on level 1 of the Dungeon.
             The game lasted 00:07:27 (469 turns).

lightbrinder the Grave Robber (Hill Orc Necromancer) Turns: 469, Time: 00:07:28

Health: 0/20       AC:  2    Str: 10    XL:     2   Next: 50%
Magic:  0/4        EV: 12    Int: 15    God:
Gold:   5          SH:  0    Dex: 11    Spells: 2/4 levels left

rFire    . . .     SeeInvis .   e - +0 hunting sling
rCold    . . .     Gourm    .   (no shield)
rNeg     . . .     Faith    .   a - +0 robe
rPois    .         Spirit   .   (no helmet)
rElec    .         Reflect  .   (no cloak)
rCorr    .         Harm     .   (no gloves)
MR       .....                  (no boots)
Stlth    ++........             (no amulet)
HPRegen  0.06/turn              (no ring)
MPRegen  0.09/turn              (no ring)

@: lethally poisoned (0 -> -4)
A: no striking features
a: no special abilities


You were on level 1 of the Dungeon.
You were not hungry.

You visited 1 branch of the dungeon, and saw 2 of its levels.

You collected 5 gold pieces.

Inventory:

Hand Weapons
 d - a +0 club
 e - a +0 hunting sling (weapon)
Missiles
 g - 43 stones (quivered)
Armour
 a - a +0 robe (worn)
Potions
 h - a potion of magic {unknown}
Books
 b - a book of Necromancy

   Spells                             Type                      Level
   a - Pain                           Necromancy                   1
   b - Animate Skeleton               Necromancy                   1
   c - Vampiric Draining              Necromancy                   3
   d - Regeneration                   Charms/Necromancy            3
   e - Animate Dead                   Necromancy                   4
   f - Borgnjor's Vile Clutch         Necromancy/Earth             5
Comestibles
 c - 2 rations
 f - 5 chunks of flesh


   Skills:
 + Level 1.6 Dodging
 + Level 1.5 Stealth
 + Level 1.6 Spellcasting
 + Level 4.5 Necromancy


You had 2 spell levels left.
You knew the following spells:

 Your Spells              Type           Power        Failure   Level  Hunger
a - Pain                  Necr           ##..         3%          1    ##.....
b - Animate Skeleton      Necr           N/A          3%          1    ##.....


Dungeon Overview and Level Annotations

Branches:
Dungeon (2/15)

Altars:


Message History

The adder bites you.
Some of the chunks of flesh in your inventory have rotted away.
Casting: Pain
Confirm with . or Enter, or press ? or * to list all spells.
Aiming: Pain
Press: ? - help, Shift-Dir - straight line, f/p - adder
Aim: an adder (lightly wounded, chance to defeat MR: 79%)
The adder writhes in agony!
The adder barely misses you.
Your frilled lizard skeleton bites the adder.
Your hobgoblin skeleton barely misses the adder.
You feel sick. The adder bites you.
* * * LOW HITPOINT WARNING * * *
Casting: Pain
Confirm with . or Enter, or press ? or * to list all spells.
You don't have enough magic to cast that spell.
Firing (i - inventory):
g - 44 stones (quivered)
Press: ? - help, Shift-Dir - straight line, f/p - adder
Aim: an adder (severely wounded)
You shoot a stone. The stone closely misses the adder.
The adder bites you.
You die...

########## #########
#....Z.#.##
#.......#####.####Z.#.##
#.####.....##.####.###.#
#.####..##.##.#...## ##.
#.##........#.#.##.###.#
#(##.....#..#.#.##.Z#.##
#.##[....ZZ>.......#.##
#......@S##.########.###
####....................
##..######^##########
#.......#.#....Z.Z..
#..####.#Z#.####.###
#..#....#Z#....#.#..
##.#.####Z####Z#.#.#
##..#......Z.Z..#.#..
#...#############.###


You could see an adder, a friendly frilled lizard skeleton and a friendly
hobgoblin skeleton.

Vanquished Creatures
  A dart slug (D:1)
  A bat (D:1)
  A giant cockroach (D:1)
  3 goblins (D:1)
  A hobgoblin (D:1)
  3 frilled lizards (D:1)
  A rat (D:1)
11 creatures vanquished.

Vanquished Creatures (collateral kills)
  A hobgoblin (D:1)
  A kobold (D:1)
2 creatures vanquished.

Grand Total: 13 creatures vanquished

Notes
Turn   | Place    | Note
-------+----------+-------------------------------------------
     0 | D:1      | lightbrinder the Hill Orc Necromancer began the quest for the Orb.
     0 | D:1      | Reached XP level 1. HP: 14/14 MP: 3/3
     2 | D:1      | Learned a level 1 spell: Animate Skeleton
   149 | D:1      | Reached XP level 2. HP: 14/20 MP: 2/4
   468 | D:1      | HP: 1/20 [adder (5)]
   469 | D:1      | Slain by an adder

Action                   || total
-------------------------++-------
Melee: Club              ||     1
 Fire: Hunting sling     ||     7
 Cast: Pain              ||    16
       Animate Skeleton  ||     5
Armor: Robe              ||     2
Dodge: Dodged            ||    11
